 Dungeon Crawl Stone Soup version 0.27.1-35-g4d5d836560 (webtiles) character file.

Game seed: 8088981524767391177

1141 Delamore the Slicer (level 8, 0/50 HPs)
             Began as an Octopode Brigand on Apr 30, 2022.
             Splashed by a jelly's acid (9 damage)
             ... on level 6 of the Dungeon.
             The game lasted 00:06:10 (4891 turns).

Delamore the Slicer (Octopode Brigand)              Turns: 4891, Time: 00:06:11

Health: 0/50       AC: -18   Str: 11    XL:     8   Next: 37%
Magic:  8/8        EV: 12    Int: 13    God:
Gold:   232        SH:  9    Dex: 15    Spells: 7/7 levels left

rFire    . . .     SeeInvis .   o - +2 dagger (venom)
rCold    . . .     Faith    .   i - +0 buckler
rNeg     . . .     Spirit   .   r - +1 hat {Stlth+}
rPois    .         Reflect  +   x - amulet of reflection
rElec    .         Harm     .   (no ring)
rCorr    .         Rampage  .   (no ring)
Will     .....                  (no ring)
Stlth    +++++.....             (no ring)
HPRegen  0.16/turn              (no ring)
MPRegen  0.11/turn              (no ring)
                                (no ring)
                                (no ring)

@: corroded
A: almost no armour, amphibious, 8 rings, camouflage 1, gelatinous body 1,
(nimble swimmer 1), tentacles
a: no special abilities


You were on level 6 of the Dungeon.
You visited 1 branch of the dungeon, and saw 6 of its levels.

You collected 232 gold pieces.

Inventory:

Hand Weapons
 a - a +2 dagger
 o - a +2 dagger of venom (weapon)
 s - a +0 rapier
 y - a +1 dagger of draining
Missiles
 b - 33 poisoned darts
 c - 4 curare-tipped darts (quivered)
Armour
 i - a +0 buckler (worn)
 r - a +1 hat of stealth (worn)
Jewellery
 x - an amulet of reflection (around mantle)
Scrolls
 f - 2 scrolls of enchant armour
 g - 2 scrolls of magic mapping
 j - a scroll of fog
 k - a scroll of vulnerability
 q - a scroll of amnesia
 t - 2 scrolls of immolation {unknown}
 u - a scroll of noise {unknown}
 A - a scroll of silence {unknown}
Potions
 d - a potion of attraction {unknown}
 e - a potion of flight {unknown}
 h - a potion of degeneration {unknown}
 l - a potion of might {unknown}
 m - a potion of brilliance {unknown}
 n - 4 potions of haste
 p - a potion of heal wounds
 w - a potion of curing {unknown}
 z - 2 potions of lignification {unknown}


   Skills:
 - Level 2.0 Fighting
 * Level 8.2 Short Blades
 - Level 5.0 Throwing
 - Level 1.0 Dodging
 - Level 5.5 Stealth
 + Level 2.3 Shields


You had 7 spell levels left.
You didn't know any spells.
Your spell library contained the following spells:

 Spells                   Type           Power      Damage    Failure   Level
 Foxfire                  Conj/Fire      0%         2x1d4     36%         1
 Conjure Flame            Conj/Fire      0%         6-21      75%         3
 Inner Flame              Hex/Fire       0%         N/A       75%         3
 Stone Arrow              Conj/Erth      0%         3d7       75%         3
 Lehudib's Crystal Spear  Conj/Erth      0%         10d2      100%        8
 Animate Armour           Summ/Erth      Unusable   N/A       N/A         4

Dungeon Overview and Level Annotations

Branches:
Dungeon (6/15)
 Temple: D:4-7

Altars:
Ru

Shops:
D:5 =


Innate Abilities, Weirdness & Mutations

You cannot wear most types of armour.
You are amphibious.
You can wear up to eight rings at the same time.
Your skin changes colour to match your surroundings (Stealth+).
Your rubbery body absorbs attacks. (AC +1, EV +1)
((You are camouflaged near water. (Stealth+)))
You have tentacles for arms and can constrict up to eight enemies at once.


Message History

You are too injured to fight recklessly!
You are too injured to fight recklessly!
You are too injured to fight recklessly!
You are too injured to fight recklessly!
You are too injured to fight recklessly!
You hit the jelly but do no damage.
Your tentacles burn!
The jelly is severely wounded.
The jelly looks more healthy.
There is a stone staircase leading up here.
Throw: 7 darts (curare)
Press: ? - help, Q - select action, (/) - cycle Shift-Dir - straight line, f - jelly
Aim: a jelly (severely wounded, 90% to hit)
You throw a curare-tipped dart.
The curare-tipped dart barely misses the jelly.
The jelly hits you.
You are splashed with acid!
* * * LOW HITPOINT WARNING * * *
Throw: 6 darts (curare)
Press: ? - help, Q - select action, (/) - cycle Shift-Dir - straight line, f/p - jelly
Aim: a jelly (severely wounded, 90% to hit)
You throw a curare-tipped dart. The curare-tipped dart hits the jelly.
The jelly is severely wounded.
The jelly barely misses you.
You feel much better. The jelly hits you.
You are splashed with acid!
Throw: 5 darts (curare)
Press: ? - help, Q - select action, (/) - cycle Shift-Dir - straight line, f/p - jelly
Aim: a jelly (severely wounded, 90% to hit)
You throw a curare-tipped dart. The curare-tipped dart hits the jelly.
The jelly is severely wounded.
You hit the jelly but do no damage.
Your tentacles burn!
* * * LOW HITPOINT WARNING * * *
The jelly is severely wounded.
The jelly closely misses you.
You hit the jelly but do no damage.
Your tentacles burn!
* * * LOW HITPOINT WARNING * * *
The jelly is severely wounded.
The jelly jiggles.
The jelly hits you.
* * * LOW HITPOINT WARNING * * *
The acid corrodes you!
You are splashed with acid!
You die...

#####+#####
#.........#
#......@J(#
#.........######
#..........."..#
#..............#
#..............#
#..............#
...............#
#########......#
.......#


You could see a jelly.

Vanquished Creatures
  Sigmund (D:4)
  Eustachio (D:4)
  A sky beast (D:5)
  2 necrophages (D:4)
  A phantom (D:4)
  Blork the orc (D:4)
  A scorpion (D:5)
  2 hounds (D:5)
  A jelly (D:5)
  A gnoll shaman (D:5)
  2 iguanas
  Jessica (D:2)
  An orc wizard (D:4)
  4 gnolls (D:5)
  6 adders
  An adder skeleton (D:4)
  A worm (D:3)
  A dart slug (D:5)
  4 orcs (D:4)
  10 ball pythons
  6 bats
  4 endoplasms
  2 giant cockroaches
  8 hobgoblins
  3 jackals (D:3)
  6 kobolds
  3 quokkas (D:1)
  6 frilled lizards
  5 goblins
  3 rats
89 creatures vanquished.

Notes
Turn   | Place    | Note
-------+----------+-------------------------------------------
     0 | D:1      | Delamore the Octopode Brigand began the quest for the Orb.
     0 | D:1      | Reached XP level 1. HP: 14/14 MP: 1/1
   135 | D:1      | Reached XP level 2. HP: 16/19 MP: 2/2
   539 | D:1      | Reached XP level 3. HP: 8/24 MP: 3/3
   639 | D:1      | Reached skill level 3 in Short Blades
  1347 | D:2      | Noticed Jessica
  1355 | D:2      | Killed Jessica
  1356 | D:2      | Reached XP level 4. HP: 29/29 MP: 4/4
  2881 | D:3      | Found a faded altar of an unknown god.
  2982 | D:4      | Noticed Blork the orc
  2992 | D:4      | Killed Blork the orc
  2993 | D:4      | Reached skill level 4 in Short Blades
  2993 | D:4      | Reached XP level 5. HP: 34/34 MP: 5/5
  3030 | D:4      | Noticed a necrophage
  3034 | D:4      | Killed a necrophage
  3035 | D:4      | Reached skill level 5 in Short Blades
  3035 | D:4      | Reached XP level 6. HP: 39/39 MP: 6/6
  3094 | D:4      | Found a sacrificial altar of Ru.
  3158 | D:4      | Noticed Sigmund
  3162 | D:4      | Killed Sigmund
  3169 | D:4      | Reached skill level 6 in Short Blades
  3173 | D:4      | Reached XP level 7. HP: 33/45 MP: 7/7
  3509 | D:4      | Noticed Eustachio
  3533 | D:4      | Killed Eustachio
  3608 | D:4      | Reached skill level 7 in Short Blades
  3608 | D:4      | Reached skill level 5 in Throwing
  4049 | D:5      | Entered Level 5 of the Dungeon
  4188 | D:5      | Found Guocwot's Jewellery Boutique.
  4230 | D:5      | Reached XP level 8. HP: 46/50 MP: 8/8
  4244 | D:5      | Reached skill level 1 in Shields
  4468 | D:5      | Reached skill level 8 in Short Blades
  4830 | D:5      | Identified a scroll of acquirement
  4831 | D:5      | Acquired a +1 hat of stealth
  4891 | D:6      | Splashed by a jelly's acid

Illustrated notes

Levels and vault maps discovered:
D:1:      lemuel_arrival_rhombus, layout_basic, st_stairs_4,
          serial_bayou_pond_e, minmay_small_reverse_x
D:2:      wander_river, layout_basic, uniq_jessica
D:3:      layout_loops_ring, shapermc_ecumenical_altar_petra
D:4:      layout_basic, nicolae_ru_awakened_eye, uniq_sigmund, uniq_eustachio,
          uniq_blork_the_orc
D:5:      layout_rooms, serial_shops, shop, minmay_misc_feat_rugged,
          chequers_avenue
D:6:      layout_basic, minmay_temple_entry_stoned_glass, minivault_10,
          uniq_grinder

Skill      XL: |  1  2  3  4  5  6  7  8 |
---------------+-------------------------+-----
Short Blades   | 3 4 5 6 7 8 |  8.2
Throwing       | 3 4 5 |  5.0
Shields        | 2 |  2.3
Fighting       | |  2.0
Dodging        | |  1.0
Stealth        | |  5.5

Action                   |  1- 3 |  4- 6 |  7- 9 || total
-------------------------+-------+-------+-------++-------
Melee: Dagger            |    37 |    46 |   107 ||   190
       Constrict         |     9 |    11 |    11 ||    31
       Tentacles         |     4 |     7 |    17 ||    28
Throw: Dart              |    36 |    24 |    41 ||   101
  Use: Scroll            |       |     2 |     6 ||     8
       Potion            |       |       |     1 ||     1
 Stab: Sleeping          |     9 |    11 |     5 ||    25
Armor: Skin              |     7 |     2 |     7 ||    16
Dodge: Dodged            |    12 |    16 |    33 ||    61
Block: Buckler           |       |       |    14 ||    14
